 Dungeon Crawl Stone Soup version 0.26-a0-958-gf3041fb45f (webtiles) character file.

Game seed: 15647641154115210003

53 Memezis the Grave Robber (level 3, 0/26 HPs)
             Began as a Hill Orc Necromancer on Dec 1, 2020.
             Succumbed to an adder's poison
             ... on level 2 of the Dungeon.
             The game lasted 00:10:17 (2556 turns).

Memezis the Grave Robber (Hill Orc Necromancer)     Turns: 2556, Time: 00:10:18

Health: 0/26       AC:  3    Str: 10    XL:     3   Next: 87%
Magic:  6/6        EV: 11    Int: 16    God:
Gold:   82         SH:  0    Dex: 11    Spells: 4/6 levels left

rFire    . . .     SeeInvis .   c - +0 club
rCold    . . .     Faith    .   (no shield)
rNeg     . . .     Spirit   .   a - +0 leather armour (curse)
rPois    .         Reflect  .   (no helmet)
rElec    .         Harm     .   (no cloak)
rCorr    .         Rampage  .   (no gloves)
MR       .....                  (no boots)
Stlth    ++........             (no amulet)
HPRegen  0.08/turn              (no ring)
MPRegen  0.10/turn              (no ring)

@: lethally poisoned (0 -> -8)
A: no striking features
a: no special abilities


You were on level 2 of the Dungeon.
You visited 1 branch of the dungeon, and saw 2 of its levels.

You collected 82 gold pieces.

Inventory:

Hand Weapons
 c - a +0 club (weapon)
Missiles
 b - 6 javelins
Armour
 a - a cursed +0 leather armour (worn)
 m - a +2 robe of cold resistance
Scrolls
 e - 2 scrolls of teleportation {unknown}
 f - 2 scrolls of fog {unknown}
 i - 2 scrolls of enchant armour {unknown}
 l - a scroll of remove curse {unknown}
 n - 3 scrolls of identify {unknown}
Potions
 d - 2 potions of attraction {unknown}
 g - a potion of flight {unknown}
 h - 5 potions of curing {unknown}
 j - a potion of mutation {unknown}
 k - 3 potions of haste {unknown}


   Skills:
 + Level 0.2 Fighting
 + Level 0.1 Maces & Flails
 + Level 0.6 Armour
 + Level 1.9 Dodging
 + Level 1.9 Stealth
 + Level 0.1 Unarmed Combat
 + Level 2.0 Spellcasting
 + Level 4.6 Necromancy


You had 4 spell levels left.
You knew the following spells:

 Your Spells              Type           Power        Failure   Level
a - Pain                  Necr           ###.         4%          1
b - Animate Skeleton      Necr           ###...       4%          1

Your spell library contained the following spells:

 Spells                   Type           Power        Failure   Level
 Vampiric Draining        Necr           ###.......   13%         3
 Animate Dead             Necr           ###.......   38%         4
 Agony                    Necr           ###.....     75%         5


Dungeon Overview and Level Annotations

Branches:
Dungeon (2/15)

Altars:
Ru


Message History

The adder is lightly wounded.
The adder barely misses you. The adder bites you.
* * * LOW HITPOINT WARNING * * *
The bat closely misses you. The bat misses you. The bat closely misses you.
You hit the bat.
The bat is heavily wounded.
The bat hits you but does no damage. The bat misses you.
The bat hits you but does no damage. The adder misses you.
Found 7 gold pieces.
The bat closely misses you. The bat hits you.
* * * LOW HITPOINT WARNING * * *
You hit the bat.
You kill the bat!
The adder bites you.
* * * LOW HITPOINT WARNING * * *
You are lethally poisoned!
The adder poisons you!
You die...

##.#
#.#...#...#.......
##.# #.'#######'..#
##.# #.....##.....#
##.# #.#...###.####
##.# #.....# #.###
##.####.#..# #...#
....# #.#..# ###S#
##..# #.#..# #.#
#..# #.#..# #@#
##..###....# #.#
...........#####.#
.................#
#.####............
#.# #.#.##.####$#
#.####.#.##.## #.#.#
#............###.#.#
#.####..............


You could see an adder (slow).

Vanquished Creatures
  3 oozes (D:1)
  A dart slug (D:1)
  2 leopard geckos (D:2)
  A giant cockroach (D:2)
  6 goblins
  5 hobgoblins (D:1)
  A jackal (D:1)
  A quokka (D:2)
  2 bats
  A frilled lizard (D:1)
  3 kobolds
  2 rats (D:1)
28 creatures vanquished.

Vanquished Creatures (collateral kills)
  A giant cockroach (D:1)
  A goblin (D:2)
  A hobgoblin (D:2)
  A jackal (D:1)
  A rat (D:1)
5 creatures vanquished.

Grand Total: 33 creatures vanquished

Notes
Turn   | Place    | Note
-------+----------+-------------------------------------------
     0 | D:1      | Memezis the Hill Orc Necromancer began the quest for the
                  | Orb.
     0 | D:1      | Reached XP level 1. HP: 14/14 MP: 3/3
   257 | D:1      | Reached XP level 2. HP: 11/20 MP: 0/4
   950 | D:1      | HP: 1/20 [ooze (3)]
   952 | D:1      | Reached XP level 3. HP: 2/26 MP: 5/5
  1259 | D:1      | Learned a level 1 spell: Animate Skeleton
  2518 | D:2      | Found a sacrificial altar of Ru.
  2555 | D:2      | HP: 1/26 [adder (3)]
  2556 | D:2      | Succumbed to an adder's poison

Illustrated notes

Levels and vault maps discovered:
D:1:      giann_wishing_wells, layout_loops_ring
D:2:      layout_loops_ring, nicolae_ru_great_annihilating_truth

Skill      XL: |  1  2  3 |
---------------+----------+-----
Spellcasting   | 2 |  2.0
Fighting       | |  0.2
Maces & Flails | |  0.1
Armour         | |  0.6
Dodging        | |  1.9
Stealth        | |  1.9
Unarmed Combat | |  0.1
Necromancy     | |  4.6

Action                   || total
-------------------------++-------
Melee: Unarmed           ||    20
       Club              ||   121
       Punch             ||     1
 Cast: Pain              ||    24
       Animate Skeleton  ||    12
 Stab: Sleeping          ||     1
Armor: Robe              ||     1
       Leather armour    ||    54
Dodge: Dodged            ||   123

Table legend: (Time is in decaauts)
 A = Elapsed time spent in this place.
 B = Non-inter-level travel time spent in this place.
 C = Inter-level travel time spent in this place.
 D = Time resting spent in this place.
 E = Time spent auto-exploring this place.
 F = Levels seen in this place.
 G = Mean time per level.
                   A        B        C        D        E       F      G
               +--------+--------+--------+--------+--------+-----+--------+
         Total |   2591 |   2487 |    104 |   1020 |    328 |   2 | 1295.5 |
       Dungeon |   2591 |   2487 |    104 |   1020 |    328 |   2 | 1295.5 |
               +--------+--------+--------+--------+--------+-----+--------+

Top non-repeatable levels by time:
     D:1: 2109 daAuts
     D:2: 482 daAuts
